 Dungeon Crawl Stone Soup version 0.23.2 (webtiles) character file.

Game seed: 10674868063455751159

273 Ethylacetat the Cudgeler (level 6, -3/57 HPs)
             Began as a Naga Gladiator on Apr 10, 2019.
             Slain by a gnoll
             ... wielding a +0 halberd
              (11 damage)
             ... on level 3 of the Dungeon.
             The game lasted 00:05:23 (2159 turns).

Ethylacetat the Cudgeler (Naga Gladiator)           Turns: 2159, Time: 00:05:23

Health: -3/57      AC:  5    Str: 18    XL:     6   Next: 24%
Magic:  6/6        EV: 10    Int:  8    God:
Gold:   68         SH:  0    Dex: 13    Spells: 5/5 levels left

rFire    . . .     SeeInvis +   a - +0 flail
rCold    . . .     Gourm    .   (no shield)
rNeg     . . .     Faith    .   b - +0 leather armour
rPois    +         Spirit   .   c - +0 helmet
rElec    .         Reflect  .   l - +0 cloak
rCorr    .         Harm     .   (no gloves)
MR       .....                  (no barding)
Stlth    +.........             (no amulet)
HPRegen  0.19/turn              k - ring of poison resistance
MPRegen  0.10/turn              (no ring)

@: short of breath, very slow
A: large, see invisible, deformed body, poison resistance, slowness 2, slow
metabolism 1, spit poison 1, AC +2
a: Spit Poison


You were on level 3 of the Dungeon.
You were very hungry.

You visited 1 branch of the dungeon, and saw 3 of its levels.

You collected 68 gold pieces.

Inventory:

Hand Weapons
 a - a +0 flail (weapon)
Missiles
 d - 3 throwing nets (quivered)
 h - 84 arrows
Armour
 b - a +0 leather armour (worn)
 c - a +0 helmet (worn)
 l - a +0 cloak (worn)
Jewellery
 k - a ring of poison resistance (left hand)
Wands
 q - a wand of random effects (12)
 u - a wand of flame (12)
Scrolls
 i - 3 scrolls of teleportation {unknown}
 j - 2 scrolls of noise {unknown}
 n - 5 scrolls of identify {unknown}
 r - a scroll of remove curse {unknown}
 t - a scroll of amnesia {unknown}
Potions
 e - 5 potions of curing {unknown}
 g - 2 potions of heal wounds {unknown}
 m - a potion of flight {unknown}
 o - 2 potions of berserk rage {unknown}
 p - a potion of resistance {unknown}
 s - 2 potions of degeneration {unknown}
 v - a potion of invisibility {unknown}
Comestibles
 f - 4 rations


   Skills:
 + Level 3.9 Fighting
 * Level 5.8 Maces & Flails
 - Level 1.7 Throwing
 - Level 2.4 Dodging


You had 5 spell levels left.
You didn't know any spells.
Your spell library was empty.

Dungeon Overview and Level Annotations

Branches:
Dungeon (3/15)

Altars:


Innate Abilities, Weirdness & Mutations

You cannot wear boots.
Your serpentine skin is tough. (AC +2)
You have supernaturally acute eyesight. (SInv)
Armour fits poorly on your strangely shaped body.
Your system is resistant to poisons. (rPois)
You cover ground very slowly.
You have a slow metabolism.
You can spit poison.


Message History

The gnoll is almost dead.
The gnoll hits you from afar with a +0 halberd!
The gnoll barely misses you.
You hit the gnoll.
You kill the gnoll!
The gnoll hits you from afar with a +0 halberd.
* * * LOW HITPOINT WARNING * * *
You sock the hobgoblin!
You kill the hobgoblin!
The gnoll hits you from afar with a +0 halberd.
* * * LOW HITPOINT WARNING * * *
Press: ? - help, Shift-Dir - straight line, f - gnoll
Aim: a gnoll, wielding a +0 halberd The splash of poison hits the gnoll.
The gnoll is poisoned.
The gnoll is heavily wounded.
You feel slightly more hungry.
The gnoll hits you from afar with a +0 halberd.
* * * LOW HITPOINT WARNING * * *
The gnoll hits you with a +0 halberd!
You die...

....
.......#.#.########
.....
#....<.......#
..... . #
###..#.######.#
....... ##. #.
#......#
......g###.$
#.##.#.####
..K.....#.#
#......# #.####<#.#
###..### ...#(#.#
#..##
#%#g#†#####@..#
#.()...##.wg.##
#......).)..##
##.....÷...##
.........#$##
#...g....##.#
....#.....##.#
....####.##..# ....
#.# .##


You could see a worm and a gnoll.

Vanquished Creatures
  Sigmund (D:2)
  5 gnolls
  An ooze (D:1)
  2 leopard geckos
  An orc (D:3)
  2 ball pythons (D:1)
  8 goblins
  9 hobgoblins
  7 jackals
  A quokka (D:3)
  4 bats
  6 frilled lizards
  6 kobolds
  6 rats
59 creatures vanquished.

Notes
Turn   | Place    | Note
-------+----------+-------------------------------------------
     0 | D:1      | Ethylacetat the Naga Gladiator began the quest for the Orb.
     0 | D:1      | Reached XP level 1. HP: 19/19 MP: 1/1
    91 | D:1      | Reached XP level 2. HP: 7/26 MP: 2/2
   446 | D:1      | Reached XP level 3. HP: 15/33 MP: 3/3
   794 | D:1      | Reached skill level 4 in Maces & Flails
  1020 | D:2      | Noticed Sigmund
  1034 | D:2      | Killed Sigmund
  1034 | D:2      | Reached skill level 5 in Maces & Flails
  1034 | D:2      | Reached XP level 4. HP: 32/44 MP: 4/4
  1034 | D:2      | Reached XP level 5. HP: 36/50 MP: 5/5
  1384 | D:2      | Reached XP level 6. HP: 18/57 MP: 6/6
  2159 | D:3      | Slain by a gnoll

Skill      XL: |  1  2  3 |
---------------+----------+-----
Maces & Flails | 5 |  5.8
Fighting       | 3 |  3.9
Throwing       | |  1.7
Dodging        | |  2.4

Action                   |  1- 3 |  4- 6 || total
-------------------------+-------+-------++-------
Melee: Flail             |    89 |    66 ||   155
Throw: Throwing net      |     1 |       ||     1
 Abil: Spit Poison       |    14 |     9 ||    23
 Stab: Sleeping          |       |     1 ||     1
  Eat: Chunk             |     1 |     2 ||     3
Armor: Leather armour    |    38 |    18 ||    56
Dodge: Dodged            |    54 |    51 ||   105
